[Event "Titled Tuesday Blitz December 13 Late 2022"]
[White "Jacobson, Brandon"]
[Black "Goryachkina, Aleksandra"]
[WhiteFideId "30901561"]
[BlackFideId "4147103"]
[WhiteElo "2451"]
[BlackElo "2484"]
[Result "0-1"]
[Round "08"]
[TimeControl "180+1"]
[Date "2022.12.13"]
[WhiteClock "0:00:46"]
[BlackClock "0:01:54"]

1. Nf3 d5 2. e3 Nf6 3. c4 c6 4. Nc3 e6 5. b3 Bd6 6. Bb2 O-O 7. d4 Nbd7 8. Be2 b6 9. O-O Bb7 10. Qc2 Re8 11. Rfe1 Rc8 12. e4 c5 13. exd5 exd5 14. Nb5 Bb8 15. dxc5 Nxc5 16. Rad1 Nce4 17. Bd3 a6 18. Nc3 Qc7 19. h3 Nxc3 20. Bxc3 d4 0-1


[Site "https://www.chess.com"]

[Event "Titled Tuesday Blitz December 13 Late 2022"]
[White "Janaszak, Dawid"]
[Black "Yuan, Qingyu"]
[WhiteFideId "1119206"]
[BlackFideId "8609772"]
[WhiteElo "2220"]
[BlackElo "2359"]
[Result "0-1"]
[Round "08"]
[TimeControl "180+1"]
[Date "2022.12.13"]
[WhiteClock "0:00:02"]
[BlackClock "0:00:06"]

1. d4 Nf6 2. Nf3 d5 3. Bf4 c5 4. e3 e6 5. c3 Bd6 6. Nbd2 O-O 7. Bd3 Bxf4 8. exf4 b6 9. Qe2 Qd6 10. g3 a5 11. a4 Ba6 12. Bb5 Bxb5 13. axb5 Nbd7 14. Ne5 cxd4 15. cxd4 Qb4 16. Nc6 Qxb2 17. Rb1 Qc2 18. f3 Nb8 19. Ne5 Qc3 20. O-O Qxd4+ 21. Kh1 Nbd7 22. Rfd1 Nxe5 23. fxe5 Nd7 24. f4 Rfc8 25. Nf3 Qc4 26. Qg2 h6 27. Nd4 Rc5 28. g4 Kh7 29. g5 h5 30. g6+ fxg6 31. Nxe6 Rcc8 32. Rxd5 Nf8 33. Ng5+ Kg8 34. e6 Ra7 35. Re1 Qb4 36. Rde5 Qe7 37. f5 a4 38. fxg6 a3 39. Qf3 Qf6 40. Rf5 Qxg6 41. e7 Rxe7 42. Rxe7 a2 43. Qb3+ Kh8 44. Nf7+ Kh7 45. Qxa2 Rc1+ 46. Re1 Rxe1+ 0-1


[Site "https://www.chess.com"]

[Event "Titled Tuesday Blitz December 13 Late 2022"]
[White "Joubert, Dantelle"]
[Black "Polster, Christian"]
[WhiteFideId "14310813"]
[BlackFideId "12965081"]
[WhiteElo "1507"]
[BlackElo "2195"]
[Result "0-1"]
[Round "08"]
[TimeControl "180+1"]
[Date "2022.12.14"]
[WhiteClock "0:00:06"]
[BlackClock "0:00:27"]

1. d4 d5 2. c4 e6 3. Nc3 c6 4. Nf3 dxc4 5. a4 Bb4 6. e3 b5 7. Be2 Bb7 8. O-O a6 9. Ne5 Nf6 10. Bf3 Qb6 11. e4 Nbd7 12. Be3 c5 13. Nxd7 Nxd7 14. d5 O-O 15. dxe6 Ne5 16. e7 Nxf3+ 17. Qxf3 Rfe8 18. axb5 axb5 19. Rxa8 Bxa8 20. Ra1 Bxc3 21. bxc3 Qc6 22. Qf5 Rxe7 23. Qxc5 Qxe4 24. Qc8+ Re8 25. Rxa8 Qb1+ 0-1


[Site "https://www.chess.com"]

[Event "Titled Tuesday Blitz December 13 Late 2022"]
[White "Kanyamarala, Tarun"]
[Black "Mihajlov, Sebastian"]
[WhiteFideId "45004714"]
[BlackFideId "1512110"]
[WhiteElo "2305"]
[BlackElo "2464"]
[Result "0-1"]
[Round "08"]
[TimeControl "180+1"]
[Date "2022.12.14"]
[WhiteClock "0:01:35"]
[BlackClock "0:00:58"]

1. d4 h6 2. e4 g5 3. c4 c5 4. d5 Bg7 5. Nc3 a6 6. h4 gxh4 7. Rxh4 d6 8. Nf3 Nd7 9. Bf4 b5 10. cxb5 axb5 11. Bxb5 Qa5 12. Qd2 Nf6 13. Kf1 Ba6 14. Bxa6 Qxa6+ 15. Kg1 h5 16. Re1 Ng4 17. e5 Ndxe5 18. Nxe5 Nxe5 19. Bxe5 Bxe5 20. Ra4 Qc8 21. Rae4 h4 22. f4 Bf6 23. Nb5 Qd7 24. Qe2 Kf8 25. b3 h3 26. g4 h2+ 27. Kh1 Bh4 28. Rf1 Rxa2 29. Qxa2 Qxb5 30. Qe2 Qxb3 31. g5 Qxd5 32. Kxh2 Bxg5+ 33. Kg2 Bf6 34. Qf3 Rg8+ 35. Kh1 Qf5 36. Re2 d5 37. Ra2 Rg6 38. Rff2 Qb1+ 39. Kh2 Qg1+ 0-1


[Site "https://www.chess.com"]

[Event "Titled Tuesday Blitz December 13 Late 2022"]
[White "Kanyamarala, Trisha"]
[Black "Musovic, Armin"]
[WhiteFideId "45004722"]
[BlackFideId "939935"]
[WhiteElo "2135"]
[BlackElo "2288"]
[Result "0-1"]
[Round "08"]
[TimeControl "180+1"]
[Date "2022.12.14"]
[WhiteClock "0:00:08"]
[BlackClock "0:01:20"]

1. d4 d5 2. c4 c5 3. cxd5 Nf6 4. dxc5 e6 5. d6 Qa5+ 6. Nc3 Qxc5 7. Bf4 e5 8. Bg5 Bxd6 9. Rc1 Nc6 10. e4 O-O 11. Nd5 Qa5+ 12. Bd2 Qd8 13. Bg5 Qa5+ 14. Bd2 Qd8 15. Bg5 Be6 16. Nxf6+ gxf6 17. Bd2 Bb4 18. a3 Bxd2+ 19. Qxd2 Qb6 20. Nf3 Rfd8 21. Qe3 Qxb2 22. Be2 Nd4 23. Nxd4 exd4 24. Qd2 Qxa3 25. O-O d3 26. Bf3 Qd6 27. Rfd1 Kg7 28. h3 a5 29. Qe3 a4 30. Rc3 d2 31. Rc2 Qd3 32. Qxd3 Rxd3 33. Be2 Rd4 34. Rdxd2 Rxd2 35. Rxd2 a3 0-1


[Site "https://www.chess.com"]

[Event "Titled Tuesday Blitz December 13 Late 2022"]
[White "Kaplan, Avi Harrison"]
[Black "Bryant, Todd"]
[WhiteFideId "30934559"]
[BlackFideId "2031299"]
[WhiteElo "1983"]
[BlackElo "2341"]
[Result "1/2-1/2"]
[Round "08"]
[TimeControl "180+1"]
[Date "2022.12.14"]
[WhiteClock "0:00:23"]
[BlackClock "0:00:04"]

1. d4 Nf6 2. c4 g6 3. Nc3 Bg7 4. e4 d6 5. Nge2 O-O 6. Ng3 e5 7. d5 Na6 8. h4 h5 9. Bg5 Qe8 10. Be2 Nh7 11. Be3 Nc5 12. Qd2 a5 13. Bh6 f5 14. exf5 Bxf5 15. O-O-O a4 16. Nxf5 Rxf5 17. g4 Rxf2 18. Bxg7 Kxg7 19. gxh5 Kh8 20. hxg6 Qxg6 21. Rhg1 Qf5 22. Qh6 Qf4+ 23. Qxf4 Rxf4 24. Nb5 Re4 25. Rde1 Rxh4 26. Nxc7 Rc8 27. Nb5 e4 28. Nxd6 Rc7 29. Rg6 Rh2 30. Reg1 Nf6 31. Rxf6 Rxe2 32. Rh6+ 1/2-1/2


[Site "https://www.chess.com"]

[Event "Titled Tuesday Blitz December 13 Late 2022"]
[White "Kazakouski, Valery"]
[Black "Al-Tarboush, Ward"]
[WhiteFideId "13507443"]
[BlackFideId "7601450"]
[WhiteElo "2516"]
[BlackElo "2263"]
[Result "1-0"]
[Round "08"]
[TimeControl "180+1"]
[Date "2022.12.13"]
[WhiteClock "0:01:58"]
[BlackClock "0:00:31"]

1. Nf3 Nf6 2. c4 g6 3. g3 Bg7 4. Bg2 O-O 5. O-O d5 6. cxd5 Nxd5 7. d4 Nc6 8. e4 Nb6 9. d5 Na5 10. Qe1 Nac4 11. Nc3 Bg4 12. h3 Bxf3 13. Bxf3 a5 14. b3 Ne5 15. Be2 a4 16. f4 Qd6 17. Be3 axb3 18. axb3 Rxa1 19. Qxa1 f5 20. Nb5 Qb4 21. fxe5 Qxe4 22. Qd4 Qc2 23. Bc4 Ra8 24. d6+ Kh8 25. dxe7 Nxc4 26. Qd8+ 1-0


[Site "https://www.chess.com"]

[Event "Titled Tuesday Blitz December 13 Late 2022"]
[White "Khandelwal, Ankush"]
[Black "Dudzinski, Pawel"]
[WhiteFideId "413470"]
[BlackFideId "1117890"]
[WhiteElo "2271"]
[BlackElo "2099"]
[Result "1/2-1/2"]
[Round "08"]
[TimeControl "180+1"]
[Date "2022.12.14"]
[WhiteClock "0:00:14"]
[BlackClock "0:00:36"]

1. e4 c6 2. d4 d5 3. e5 c5 4. dxc5 e6 5. a3 Bxc5 6. b4 Be7 7. Bb2 Nc6 8. Nf3 Qc7 9. Bd3 f6 10. Qe2 fxe5 11. Nxe5 Bf6 12. f4 Bxe5 13. Bxe5 Nxe5 14. fxe5 Ne7 15. O-O Bd7 16. Nd2 O-O-O 17. Nb3 Nc6 18. Rae1 Rdf8 19. Rxf8+ Rxf8 20. Bxh7 Qb6+ 21. Nc5 a5 22. c3 Nb8 23. Rf1 Rxf1+ 24. Qxf1 Na6 25. h3 Nxc5 26. Qf8+ Kc7 27. bxc5 Qb2 28. Qd6+ Kc8 29. Qf8+ Kc7 30. Bg8 Qxc3 31. Qd6+ Kc8 32. Qf8+ Kc7 33. Qd6+ Kc8 34. Bxe6 Qc1+ 35. Kf2 Qf4+ 36. Kg1 Qe3+ 37. Kh1 Qc1+ 38. Kh2 Qf4+ 39. Kh1 Qc1+ 40. Kh2 Qf4+ 41. Kh1 Qf1+ 42. Kh2 Qf4+ 1/2-1/2


[Site "https://www.chess.com"]

[Event "Titled Tuesday Blitz December 13 Late 2022"]
[White "Kleiman, Jake"]
[Black "Pasti, Aron"]
[WhiteFideId "2020041"]
[BlackFideId "785857"]
[WhiteElo "2602"]
[BlackElo "2250"]
[Result "1-0"]
[Round "08"]
[TimeControl "180+1"]
[Date "2022.12.14"]
[WhiteClock "0:02:24"]
[BlackClock "0:01:40"]

1. Nf3 d5 2. g3 Nf6 3. Bg2 c6 4. O-O Bg4 5. d3 Nbd7 6. Nbd2 e5 7. e4 Bd6 8. Qe1 O-O 9. h3 Bh5 10. Nh4 Bg6 11. Nxg6 hxg6 12. Nf3 Re8 13. Qe2 Nc5 14. Ng5 Qb6 15. c3 Qa6 16. Rd1 dxe4 17. Nxe4 Nfxe4 18. Bxe4 f5 19. Bf3 Rad8 20. Bg5 Rd7 21. d4 Qxe2 22. Bxe2 exd4 23. Bc4+ Kh7 24. Rxd4 Bc7 25. Rh4# 1-0


[Site "https://www.chess.com"]

[Event "Titled Tuesday Blitz December 13 Late 2022"]
[White "Kovacevic, Radmila"]
[Black "Ansh M Shah"]
[WhiteFideId "933171"]
[BlackFideId "25033379"]
[WhiteElo "2244"]
[BlackElo "2084"]
[Result "0-1"]
[Round "08"]
[TimeControl "180+1"]
[Date "2022.12.14"]
[WhiteClock "0:00:05"]
[BlackClock "0:00:39"]

1. e4 c6 2. d4 d5 3. e5 Bf5 4. Be3 e6 5. c3 Nd7 6. Nd2 c5 7. Bb5 Rc8 8. Qa4 a6 9. Bxd7+ Qxd7 10. Qxd7+ Kxd7 11. dxc5 Bxc5 12. Bxc5 Rxc5 13. Ngf3 Ne7 14. O-O h6 15. Rfe1 Rhc8 16. Nd4 Bg6 17. g4 Nc6 18. N4b3 Rb5 19. a4 Rb6 20. Nc5+ Ke7 21. b4 d4 22. Nc4 Rxb4 23. Nd6 dxc3 24. Nxc8+ Kd8 25. Nd6 Kc7 26. Ndxb7 Rxb7 27. Nxb7 Kxb7 28. Rac1 c2 29. Re3 Nd4 30. Kf1 Kc6 31. Ke1 Kd5 32. Kd2 Kc4 33. Rc3+ Kb4 34. f4 Nb3+ 35. Rxb3+ Kxb3 36. f5 exf5 37. Rxc2 fxg4 38. Rc6 Kxa4 39. Rxa6+ Kb5 40. Rd6 Kc5 41. Ke3 Bf5 42. Kf4 Be6 43. Rd8 g5+ 44. Ke4 h5 45. Rd2 h4 46. Rc2+ Kb4 47. Kd4 Kb3 48. Rc3+ Kb2 49. Re3 Kc2 50. Ke4 Kd2 51. Rd3+ Ke2 52. Ra3 Kf2 53. Rc3 g3 54. Rc2+ Kg1 55. hxg3 h3 56. Kf3 Bd5+ 57. Ke3 h2 58. Rc1+ Kg2 59. Rc2+ Kxg3 60. Rxh2 Kxh2 61. Kd4 Be6 62. Ke4 Kg3 63. Ke3 Kg4 64. Ke2 Kf4 0-1


[Site "https://www.chess.com"]

[Event "Titled Tuesday Blitz December 13 Late 2022"]
[White "Kravtsiv, Martyn"]
[Black "Sourath Biswas"]
[WhiteFideId "14113147"]
[BlackFideId "35091484"]
[WhiteElo "2695"]
[BlackElo "2164"]
[Result "1-0"]
[Round "08"]
[TimeControl "180+1"]
[Date "2022.12.13"]
[WhiteClock "0:00:04"]
[BlackClock "0:00:03"]

1. e4 c6 2. Nf3 d5 3. d3 dxe4 4. dxe4 Qxd1+ 5. Kxd1 Nf6 6. Nbd2 Bg4 7. Be2 Nbd7 8. Ne1 Bxe2+ 9. Kxe2 e5 10. Nd3 Bd6 11. f3 Bc7 12. a4 Ke7 13. b3 Ne8 14. Nc4 f6 15. Rd1 Ke6 16. Ba3 b5 17. Ne3 bxa4 18. bxa4 Nd6 19. Nb4 Nb8 20. Rab1 a5 21. Nd3 Na6 22. Bxd6 Bxd6 23. Nf5 Bf8 24. Rb6 g6 25. Rxc6+ Kf7 26. Ne3 Bh6 27. Nd5 Rhc8 28. Rxf6+ Kg7 29. c3 Rxc3 30. Rxg6+ hxg6 31. Nxc3 Rc8 32. Nd5 Rc2+ 33. Kf1 Ra2 34. Rb1 Rxa4 35. Rb7+ Kf8 36. Nxe5 Ra1+ 37. Kf2 Nc5 38. Rf7+ Ke8 39. Nc7+ Kd8 40. Nc6+ Kc8 41. Nb5 Nd7 42. e5 Ra2+ 43. Kg3 Re2 44. Nbd4 Nxe5 45. Nxe2 Nxf7 46. Nxa5 Kd7 47. Nf4 Ne5 48. Nb3 Ke7 49. Nd4 Kf6 50. Nde2 g5 51. Nd5+ Ke6 52. Ne3 Bf8 53. Nd4+ Kf7 54. Ng4 Ng6 55. Nf5 Bb4 56. Kf2 Ke6 57. Ng7+ Kf7 58. Nf5 Ke6 59. Nd4+ Kd5 60. Ne2 Ke6 61. Ke3 Bc5+ 62. Ke4 Ne7 63. Ne3 Kf7 64. Nd5 Ng6 65. g3 Ke6 66. h3 Ne5 67. Nc7+ Kd6 68. Nb5+ Ke6 69. Ned4+ Kf6 70. Ne2 Nf7 71. Nbc3 Bf2 72. Kd5 Be3 73. Ne4+ Kg6 74. g4 1-0


[Site "https://www.chess.com"]

[Event "Titled Tuesday Blitz December 13 Late 2022"]
[White "Lacasa Diaz, Jose Antonio"]
[Black "Melikyan, Gnel"]
[WhiteFideId "2203375"]
[BlackFideId "54109990"]
[WhiteElo "2338"]
[BlackElo "2138"]
[Result "0-1"]
[Round "08"]
[TimeControl "180+1"]
[Date "2022.12.14"]
[WhiteClock "0:00:05"]
[BlackClock "0:00:10"]

1. e4 Nf6 2. e5 Nd5 3. Nc3 e6 4. Nf3 d6 5. Nxd5 exd5 6. d4 Nc6 7. h3 dxe5 8. dxe5 Bc5 9. Bd3 h6 10. O-O O-O 11. c3 Qe7 12. Re1 Be6 13. a4 a5 14. Bc2 f5 15. exf6 Qxf6 16. Qd3 Qf5 17. Qd1 Qf7 18. Be3 Bd6 19. Nd4 Nxd4 20. Qxd4 c5 21. Qd2 Rad8 22. Re2 d4 23. Bxh6 dxc3 24. Qg5 cxb2 25. Rae1 Bc4 26. Bg6 Qf6 27. Qh5 Bxe2 28. Qxe2 Qxg6 29. Qxb2 Qxh6 30. Qxb7 Qf6 31. Qd5+ Qf7 32. Qd2 Bh2+ 33. Kxh2 Rxd2 0-1


[Site "https://www.chess.com"]

[Event "Titled Tuesday Blitz December 13 Late 2022"]
[White "Liu, Kelsey"]
[Black "Kupervaser, Erez"]
[WhiteFideId "30944481"]
[BlackFideId "2814587"]
[WhiteElo "2291"]
[BlackElo "2251"]
[Result "0-1"]
[Round "08"]
[TimeControl "180+1"]
[Date "2022.12.14"]
[WhiteClock "0:01:59"]
[BlackClock "0:01:50"]

1. e4 g6 2. d4 Nf6 3. Nc3 d5 4. e5 Ne4 5. Nxe4 dxe4 6. Be3 Bg7 7. Bc4 c5 8. c3 Nc6 9. Ne2 O-O 10. Ng3 cxd4 11. cxd4 Qa5+ 12. Bd2 Qb6 13. Be3 Qb4+ 14. Qd2 Qxc4 15. Rc1 Qxa2 16. O-O Rd8 17. Nxe4 Nxe5 18. Qb4 Nc6 19. Rxc6 bxc6 20. Qxe7 Bf5 21. Nf6+ Bxf6 22. Qxf6 Qe6 23. Qh4 Be4 24. Bg5 Rd5 25. Bf6 Rh5 0-1


[Site "https://www.chess.com"]

[Event "Titled Tuesday Blitz December 13 Late 2022"]
[White "Marchesich, Giovanni"]
[Black "Torres Dominguez, David"]
[WhiteFideId "2824790"]
[BlackFideId "2220857"]
[WhiteElo "2200"]
[BlackElo "2037"]
[Result "1-0"]
[Round "08"]
[TimeControl "180+1"]
[Date "2022.12.14"]
[WhiteClock "0:02:09"]
[BlackClock "0:01:02"]

1. d4 e5 2. dxe5 d5 3. Nf3 Bg4 4. Nbd2 Nc6 5. h3 Bh5 6. e3 Qd7 7. Bb5 O-O-O 8. c3 a6 9. Ba4 Nge7 10. g4 Bg6 11. Nd4 Qe6 12. Nxe6 fxe6 13. f4 h5 14. g5 Nb8 15. Bc2 Bxc2 16. Qxc2 Nf5 17. Kf2 h4 18. Nf3 c5 19. b4 Ng3 20. Rd1 Ne4+ 21. Kg2 Nc6 22. bxc5 Bxc5 23. Nd4 Bxd4 24. cxd4 Kb8 25. Ba3 Rc8 26. Qa4 Nc3 27. Bd6+ Ka8 28. Qa3 Nxd1 29. Rxd1 Na7 30. Rc1 Nb5 31. Rxc8+ Rxc8 32. Qb2 Rc4 33. Bc5 Nc3 34. Qb6 1-0


[Site "https://www.chess.com"]

[Event "Titled Tuesday Blitz December 13 Late 2022"]
[White "Marcolino, Daniel Mattos"]
[Black "Clawitter, Craig"]
[WhiteFideId "2106841"]
[BlackFideId "2023105"]
[WhiteElo "2132"]
[BlackElo "2208"]
[Result "1-0"]
[Round "08"]
[TimeControl "180+1"]
[Date "2022.12.14"]
[WhiteClock "0:00:12"]
[BlackClock "0:00:01"]

1. d4 e6 2. Nf3 Nf6 3. g3 d5 4. Bg2 Be7 5. O-O O-O 6. c4 dxc4 7. Qc2 a6 8. a4 Bd7 9. Qxc4 Bc6 10. Bg5 a5 11. Nc3 Na6 12. Rad1 Nb4 13. Qb3 Ra6 14. Ne5 Bxg2 15. Kxg2 Qa8 16. Nb5 Rc8 17. Nc4 c6 18. Nbd6 Rd8 19. Bxf6 gxf6 20. Ne4 b5 21. Ncd2 c5 22. f3 c4 23. Qc3 Nd5 24. Qc1 Ne3+ 25. Kf2 Nxd1+ 26. Rxd1 Rxd4 27. Qc3 e5 28. e3 Rd3 29. Qc2 Qd8 30. axb5 Ra7 31. Qxc4 Rad7 32. Qc6 Bb4 33. Nxf6+ Kg7 34. Nxd7 Qxd7 35. Qxd7 Rxd7 36. Ke2 Rb7 37. Nc4 Rxb5 38. Rd7 Kf6 39. Ra7 Rc5 40. b3 Ke6 41. Ra6+ Ke7 42. Ra7+ Kf6 43. Kd3 Rd5+ 44. Ke4 Rd1 45. Ra6+ Kg7 46. Nxe5 Rb1 47. Nc4 Rxb3 48. Ra7 Rb1 49. Ne5 Ra1 50. Rxf7+ Kg8 51. Kf5 Bc3 52. Rb7 Bxe5 53. Kxe5 a4 54. f4 a3 55. e4 a2 56. Ra7 h5 57. Kf6 h4 58. gxh4 Rf1 59. f5 1-0


[Site "https://www.chess.com"]

[Event "Titled Tuesday Blitz December 13 Late 2022"]
[White "Martinez Ramirez, Lennis"]
[Black "Silvestre, Christian"]
[WhiteFideId "3509079"]
[BlackFideId "30956269"]
[WhiteElo "2439"]
[BlackElo "2363"]
[Result "1-0"]
[Round "08"]
[TimeControl "180+1"]
[Date "2022.12.14"]
[WhiteClock "0:01:46"]
[BlackClock "0:00:05"]

1. e4 c5 2. Nf3 e6 3. b3 d6 4. Bb2 Nf6 5. e5 dxe5 6. Nxe5 Be7 7. Bd3 O-O 8. O-O Nbd7 9. f4 Qc7 10. a4 b6 11. Na3 a6 12. Nac4 Bb7 13. Nxd7 Qxd7 14. Rf2 Qc6 15. Ne5 Qc7 16. f5 Ne4 17. Rf4 exf5 18. Rxf5 g6 19. Ng4 f6 20. Rf3 h5 21. Ne3 f5 22. Bxe4 Bxe4 23. Rg3 Kh7 24. d3 f4 25. Rh3 fxe3 26. Rxh5+ gxh5 27. Qxh5+ Kg8 28. Qg4+ Kf7 29. Qxe4 Rad8 30. Be5 Qd7 31. Rf1+ Ke6 32. Bg3# 1-0


[Site "https://www.chess.com"]

[Event "Titled Tuesday Blitz December 13 Late 2022"]
[White "Mazurkiewicz, Michal"]
[Black "Pace, Christopher"]
[WhiteFideId "1124943"]
[BlackFideId "2610167"]
[WhiteElo "2081"]
[BlackElo "2302"]
[Result "1-0"]
[Round "08"]
[TimeControl "180+1"]
[Date "2022.12.14"]
[WhiteClock "0:02:06"]
[BlackClock "0:01:26"]

1. e4 e5 2. Nf3 Nc6 3. g3 Nf6 4. d3 d5 5. exd5 Nxd5 6. Bg2 Be7 7. O-O O-O 8. Re1 f6 9. Nc3 Nb6 10. a4 a5 11. Nb5 Bg4 12. c3 f5 13. Be3 e4 14. Qb3+ Kh8 15. dxe4 fxe4 16. Nd2 Nd5 17. Nxe4 Nxe3 18. Rxe3 Ne5 19. h3 Bh5 20. Qe6 1-0


[Site "https://www.chess.com"]

[Event "Titled Tuesday Blitz December 13 Late 2022"]
[White "Meduri, Aakaash"]
[Black "Pakleza, Zbigniew"]
[WhiteFideId "2032252"]
[BlackFideId "1119290"]
[WhiteElo "2113"]
[BlackElo "2410"]
[Result "0-1"]
[Round "08"]
[TimeControl "180+1"]
[Date "2022.12.13"]
[WhiteClock "0:00:47"]
[BlackClock "0:00:05"]

1. d4 d6 2. g3 e5 3. d5 f5 4. Bg2 Nf6 5. c4 g6 6. Nc3 Bg7 7. b3 a5 8. a3 Na6 9. Bb2 O-O 10. e3 e4 11. b4 Ng4 12. Qb3 Ne5 13. Kf1 Nd3 14. Nge2 Bd7 15. b5 Nac5 16. Qc2 a4 17. Rd1 Nxb2 18. Qxb2 Qf6 19. Nd4 g5 20. Kg1 f4 21. exf4 gxf4 22. Nxe4 Nxe4 23. Bxe4 Rae8 24. Qc2 h5 25. Ne6 Bxe6 26. dxe6 Rxe6 27. Bd5 Kh8 28. Bxe6 Qxe6 29. gxf4 Qg4+ 30. Kf1 Qh3+ 31. Ke1 Bc3+ 32. Rd2 Re8+ 33. Kd1 Qf3+ 34. Kc1 Bxd2+ 35. Qxd2 Qxh1+ 36. Kb2 Qe4 37. Qc3+ Kh7 38. Qg3 Qe7 39. Qd3+ Kh8 40. Qf5 Qg7+ 41. Kc2 Rf8 42. Qxh5+ Qh7+ 43. Qxh7+ Kxh7 0-1


[Site "https://www.chess.com"]

[Event "Titled Tuesday Blitz December 13 Late 2022"]
[White "Melkumyan, Hrant"]
[Black "Sarana, Alexey"]
[WhiteFideId "13302485"]
[BlackFideId "24133795"]
[WhiteElo "2604"]
[BlackElo "2708"]
[Result "1/2-1/2"]
[Round "08"]
[TimeControl "180+1"]
[Date "2022.12.13"]
[WhiteClock "0:00:04"]
[BlackClock "0:00:09"]

1. d4 Nf6 2. c4 e6 3. Bf4 d5 4. e3 Bd6 5. Bxd6 cxd6 6. Nc3 dxc4 7. Bxc4 O-O 8. Nf3 b6 9. O-O Bb7 10. Qe2 Nbd7 11. Bd3 e5 12. Bc2 Qe7 13. Rfd1 g6 14. Rac1 Rfc8 15. Bb3 Kg7 16. h3 h6 17. a3 Nf8 18. Ba2 N8h7 19. Rc2 Ng5 20. Nxg5 hxg5 21. dxe5 dxe5 22. Rcd2 Rh8 23. e4 Rac8 24. f3 Rhd8 25. Qe3 Nh5 26. Bd5 Nf4 27. Bxb7 Rxd2 28. Qxd2 Qxb7 29. Qd6 Qc7 30. Qxc7 Rxc7 31. Kf2 Ne6 32. Rd5 f6 33. Rd2 Nd4 34. Ne2 Nb3 35. Rd3 Nc5 36. Rd6 Na4 37. Rd2 Kf7 38. Ke1 Ke6 39. Kd1 a5 40. Nc1 Nc5 41. Nd3 Nb3 42. Rc2 Rd7 43. Rc3 Nd4 44. Ke1 f5 45. a4 Rd6 46. Kf2 Nc6 47. Ke3 Kf6 48. Kf2 Ke7 49. Ke3 Ke6 50. Kf2 Nd4 51. Ke3 Kf6 52. Kf2 Ne6 53. Ke3 f4+ 54. Kf2 Nd4 55. Ke1 Ne6 56. Nf2 Nc5 57. b3 Rd4 58. Ke2 Rb4 59. Nd3 Rxb3 60. Rxb3 Nxb3 61. Nb2 Nc5 62. Kd2 Ke6 63. Kc3 Kd7 64. Kc2 Kc6 65. Nc4 Nd7 66. Kc3 Kc5 67. Nd2 b5 68. Nb3+ Kb6 69. axb5 Kxb5 70. Nd2 Nb6 71. Nb1 a4 72. Na3+ Kc5 73. Nc2 Nc4 74. Nb4 a3 75. Nd3+ Kb5 76. Kb3 Kb6 77. Ka2 Ka5 78. Kb3 Kb5 79. Ka2 Ka4 80. Nc5+ Kb4 81. Ne6 Nd2 82. Nc7 Nc4 83. Nd5+ Ka4 84. Ne7 Nd6 85. Nxg6 Nb5 86. Nxe5 Nc3+ 87. Ka1 Kb3 88. Nc6 Nb5 89. e5 Nc7 90. Nd4+ Kc4 91. Nf5 Kb3 92. h4 gxh4 93. Nxh4 Ne6 94. Nf5 Nc5 95. Nd4+ Kc4 96. e6 Nb7 97. e7 Nd6 98. Ne6 Ne8 99. Nxf4 Kd4 100. Nh5 Ke5 101. Ka2 Ke6 102. Kxa3 Kxe7 103. Kb2 Ke6 104. Kc3 Kf5 105. Kd2 Kg5 106. Ng3 Kf4 107. Ne4 Ng7 108. Ke2 Nf5 109. g3+ Ke5 110. Kf2 Nd4 111. Nc3 Nc2 112. Ne2 Nb4 113. g4 Nd5 114. Kg3 Ne3 115. Ng1 Nf1+ 116. Kf2 Nd2 117. Nh3 Nc4 118. Kg3 Nd2 119. Ng5 Nf1+ 120. Kf2 Nd2 121. Nh3 Nc4 122. Ng1 Nd2 123. Ne2 Nc4 124. Kg3 Nd2 125. f4+ Ke4 126. f5 Nf1+ 127. Kh4 Ke5 128. Kg5 Nd2 129. Ng1 Ne4+ 130. Kg6 Kf4 131. Nh3+ Kxg4 132. Nf2+ Nxf2 133. f6 Nd3 134. f7 Ne5+ 135. Kg7 Nxf7 1/2-1/2


[Site "https://www.chess.com"]

[Event "Titled Tuesday Blitz December 13 Late 2022"]
[White "Mendez Fortes, Eduardo Jesus"]
[Black "Svane, Frederik"]
[WhiteFideId "3502376"]
[BlackFideId "12923044"]
[WhiteElo "2307"]
[BlackElo "2466"]
[Result "0-1"]
[Round "08"]
[TimeControl "180+1"]
[Date "2022.12.13"]
[WhiteClock "0:00:06"]
[BlackClock "0:00:07"]

1. e4 e6 2. d4 d5 3. Nd2 c5 4. exd5 Qxd5 5. Ngf3 cxd4 6. Bc4 Qd7 7. O-O Qc7 8. Qe2 Bd6 9. Nb3 Nc6 10. Nbxd4 Nxd4 11. Nxd4 a6 12. h3 Ne7 13. c3 O-O 14. Bd3 e5 15. Nb3 Be6 16. Re1 Rae8 17. Nd2 f5 18. Nc4 e4 19. Nxd6 Qxd6 20. Bc2 Ng6 21. Rd1 Qc7 22. f3 Bc4 23. Qf2 exf3 24. Qxf3 f4 25. Rd4 Re1+ 26. Kh2 Ne5 27. Qh5 g6 28. Qg5 f3 29. Bf4 Rxf4 30. Rxe1 Rxd4 31. Qxe5 Qxe5+ 32. Rxe5 f2 33. Re8+ Kf7 34. Rb8 Rd7 35. Rxb7 Rxb7 0-1


[Site "https://www.chess.com"]

[Event "Titled Tuesday Blitz December 13 Late 2022"]
[White "Miller, Luke C"]
[Black "Novikova, Galina"]
[WhiteFideId "2096935"]
[BlackFideId "4157095"]
[WhiteElo "2487"]
[BlackElo "1953"]
[Result "0-1"]
[Round "08"]
[TimeControl "180+1"]
[Date "2022.12.14"]
[WhiteClock "0:00:10"]
[BlackClock "0:00:22"]

1. e4 e6 2. d4 d5 3. Nc3 Bb4 4. e5 Ne7 5. a3 Bxc3+ 6. bxc3 c5 7. Qg4 Kf8 8. Nf3 Qa5 9. Bd2 Qa4 10. Ra2 Nbc6 11. Bd3 b6 12. h4 Ba6 13. h5 h6 14. Qf4 Bxd3 15. cxd3 Rc8 16. dxc5 Qxf4 17. Bxf4 bxc5 18. Kd2 Na5 19. Rb2 c4 20. Nd4 Kg8 21. Nb5 Kh7 22. Nd6 Rc6 23. Nxf7 Rf8 24. Nd6 Rxf4 25. Rb8 Rxf2+ 26. Ke3 Rxg2 27. Rf1 Rg3+ 28. Kd2 Nb3+ 29. Kc2 Rg2+ 30. Kd1 Nf5 31. Nf7 Ne3+ 32. Ke1 Nc2+ 33. Kd1 Rd2# 0-1


[Site "https://www.chess.com"]

[Event "Titled Tuesday Blitz December 13 Late 2022"]
[White "Mitrovic, Darko R"]
[Black "Melaugh, Shane"]
[WhiteFideId "927023"]
[BlackFideId "2509580"]
[WhiteElo "2150"]
[BlackElo "2025"]
[Result "1-0"]
[Round "08"]
[TimeControl "180+1"]
[Date "2022.12.14"]
[WhiteClock "0:00:05"]
[BlackClock "0:00:56"]

1. d4 e6 2. c4 f5 3. Nf3 Nf6 4. g3 b6 5. Bg2 Bb7 6. O-O Be7 7. Nc3 Bb4 8. Bd2 O-O 9. a3 Bxc3 10. Bxc3 Ne4 11. Qc2 Nxc3 12. Qxc3 d6 13. c5 Qe7 14. Rac1 Bd5 15. cxd6 cxd6 16. Qc7 Nd7 17. Nd2 Bxg2 18. Kxg2 e5 19. Nc4 exd4 20. Qxd6 Qxd6 21. Nxd6 Rf6 22. Nb5 d3 23. exd3 Nc5 24. d4 Ne4 25. f3 Nd6 26. Nxd6 Rxd6 27. Rfd1 Rad8 28. Rc4 a5 29. a4 g6 30. Kf2 Kf7 31. b3 Ke6 32. h4 Kd5 33. Re1 Re6 34. Rxe6 Kxe6 35. Rc6+ Kf7 36. Rxb6 Rxd4 37. Rb7+ Kf6 38. Rxh7 Rb4 39. Ra7 Rxb3 40. Rxa5 Rb2+ 41. Ke3 Ra2 42. Ra6+ Ke5 43. Rxg6 Ra3+ 44. Kf2 Rxa4 45. Rb6 Ra2+ 46. Ke3 Ra3+ 47. Kf2 Ra2+ 48. Ke3 Ra3+ 49. Ke2 Ra2+ 50. Kf1 Kd4 51. Re6 Kd5 52. Re2 Ra3 53. Kf2 Ra1 54. Kg2 Ra6 55. g4 Kd4 56. h5 Kd3 57. Re5 f4 58. Re4 Ra2+ 59. Kh3 Rf2 60. Rxf4 Ke3 61. Kg3 Rf1 62. Rf5 Rg1+ 63. Kh2 Rf1 64. h6 Rf2+ 65. Kg3 Rf1 66. Re5+ Kd4 67. Re4+ Kd3 68. g5 Rg1+ 69. Kf4 Rh1 70. Kf5 Rh3 71. Kg6 Rxf3 72. Re7 Kd4 73. Rf7 Rh3 74. h7 Ke5 75. Kg7 Ke6 76. g6 Rh5 77. Rf8 Rg5 78. h8=Q Re5 79. Qg8+ Kd6 80. Qf7 Kc5 81. Re8 Kd4 82. Rxe5 Kxe5 83. Qf6+ Ke4 84. Kf7 Kd5 85. g7 Ke4 86. g8=Q Kd3 87. Qe8 Kc4 88. Qfc6+ Kd3 89. Qed7+ Ke3 90. Qce6+ Kf4 91. Qd4+ Kg3 92. Qee3+ Kg2 93. Qdd2+ Kf1 94. Qee1# 1-0


[Site "https://www.chess.com"]